 Dungeon Crawl Stone Soup version 0.29.1-15-g9cfb28693d (webtiles) character file.

Game seed: 3880875747191407819

560 PhantomBowie the Firebug (level 7, -12/50 HPs)
             Began as a Pale Draconian Fire Elementalist on Mar 12, 2023.
             Shot with a bolt by an orc warrior (14 damage)
             ... on level 5 of the Dungeon.
             The game lasted 00:12:55 (4675 turns).

PhantomBowie the Firebug (DrFE)                     Turns: 4675, Time: 00:12:56

Health: -12/50     AC:  4    Str: 11    XL:     7   Next: 9%
Magic:  10/22      EV: 13    Int: 17    God:
Gold:   181        SH:  0    Dex: 11    Spells: 13/14 levels left

rFire   . . .      SeeInvis +   e - +0 dagger
rCold   . . .      Faith    .   (no shield)
rNeg    . . .      Spirit   .   (body armour unavailable)
rPois   .          Reflect  .   (helmet restricted)
rElec   .          Harm     .   (no cloak)
rCorr   .          Rampage  .   l - +0 pair of gloves
Will    .....                   k - +0 pair of boots
Stlth   +.........              (no amulet)
HPRegen 0.16/turn               b - ring of magical power
MPRegen 0.18/turn               j - ring of see invisible

@: confused, corroded
A: breathe steam, AC +6, unfitting armour, cold-blooded, steam resistance
a: Breathe Steam


You were on level 5 of the Dungeon.
You visited 1 branch of the dungeon, and saw 5 of its levels.

You collected 181 gold pieces.

Inventory:

Hand Weapons
 e - a +0 dagger (weapon)
Missiles
 m - 3 atropa-tipped darts
 t - 8 poisoned darts
Armour
 h - an orb of energy
 k - a +0 pair of boots (worn)
 l - a +0 pair of gloves (worn)
Jewellery
 b - a ring of magical power (left hand)
 j - a ring of see invisible (right hand)
Wands
 w - a wand of paralysis (10)
Scrolls
 d - 3 scrolls of identify {unknown}
 g - 2 scrolls of silence {unknown}
 n - a scroll of magic mapping {unknown}
 p - 3 scrolls of immolation {unknown}
 q - a scroll of blinking {unknown}
 r - a scroll of teleportation {unknown}
 u - a scroll of fear {unknown}
 v - 2 scrolls of amnesia {unknown}
Potions
 a - 4 potions of magic
 c - a potion of curing {unknown}
 f - 2 potions of ambrosia {unknown}
 i - a potion of attraction {unknown}
 o - 3 potions of mutation {unknown}
 s - 2 potions of heal wounds {unknown}


   Skills:
 + Level 3.7 Dodging
 - Level 1.7 Stealth
 + Level 4.0 Spellcasting
 + Level 3.7 Conjurations
 + Level 5.2 Fire Magic


You had 13 spell levels left.
You knew the following spells:

 Your Spells              Type           Power      Damage    Failure   Level
a - Foxfire               Conj/Fire      72%        2x1d7     2%          1

Your spell library contained the following spells:

 Spells                   Type           Power      Damage    Failure   Level
 Scorch                   Fire           42%        2d7       2%          2
 Conjure Flame            Conj/Fire      18%        6-21      8%          3
 Inner Flame              Hex/Fire       12%        N/A       16%         3
 Ignite Poison            Fire/Tmut/Pois 9%         N/A       22%         3
 Flame Wave               Conj/Fire      18%        2d7       24%         4
 Mephitic Cloud           Conj/Pois/Air  7%         N/A       28%         3
 Freezing Cloud           Conj/Ice/Air   3%         6-21      95%         5


Dungeon Overview and Level Annotations

Branches:
Dungeon (5/15)
 Temple: D:4-7

Altars:
Elyvilon
Makhleb

Shops:
D:1 [   D:5 (

Annotations:
D:3 1 runed translucent door, Crazy Yiuf


Innate Abilities, Weirdness & Mutations

You can breathe blasts of scalding, opaque steam.
Your pale cyan-grey scales are hard. (AC +6)
You cannot fit into any form of body armour.
You are cold-blooded and may be slowed by cold attacks.
You are immune to the effects of steam.


Message History

The foxfire hits the orc wizard but does no damage.
Casting: Foxfire (safe; 2% risk of failure)
Confirm with . or Enter, or press ? or * to list all spells.
You conjure some foxfire!
The foxfire hits the orc wizard.
The orc wizard is lightly wounded.
The foxfire hits the orc wizard.
The orc wizard is moderately wounded.
The orc warrior unwields a +0 short sword.
The orc warrior wields a +0 arbalest.
The orc warrior shoots a bolt.
The bolt hits you!!
The foxfire hits the orc wizard.
The orc wizard is severely wounded.
Casting: Foxfire (safe; 2% risk of failure)
Confirm with . or Enter, or press ? or * to list all spells.
You conjure some foxfire!
The foxfire hits the orc wizard.
The orc wizard is severely wounded.
Casting: Foxfire (safe; 2% risk of failure)
Confirm with . or Enter, or press ? or * to list all spells.
You conjure some foxfire!
The foxfire hits the orc wizard but does no damage.
The orc wizard is severely wounded.
The foxfire hits the orc wizard.
The orc wizard is severely wounded.
The acid dragon spits acid at you. The splash of acid hits you!!
* * * LOW HITPOINT WARNING * * *
The acid corrodes you!
The orc wizard casts a spell.
The orc wizard flickers and vanishes for a moment.
An orc wizard comes into view. It is wielding a +0 dagger.
The foxfire hits the orc wizard but does no damage.
The orc wizard is severely wounded.
The foxfire hits the orc warrior but does no damage.
The orc warrior shoots a bolt.
The bolt hits you!
* * * LOW HITPOINT WARNING * * *
The foxfire hits the acid dragon but does no damage.
You see here a +0 mace.
The orc wizard gestures at you while chanting.
You are confused.
The orc warrior shoots a bolt.
The bolt hits you!
You die...

......#..#.....
#.#..##
[.....oo.......
#.#.##
....o..........
#.#.#
.......D....... #
..#
#......§.......
..#
#..).§.......# ..
#....§.....#
##.?.)§...##
####@'###########
#...# #...)).#
#.### #.####.#
#.# #.# #.#
#######.######.#
#)#####
............)..#
#......
################
#######


You could see an orc warrior, an acid dragon (catching breath) and 2 orc
wizards.

Vanquished Creatures
  A water moccasin (D:4)
  2 jellies
  2 orc priests
  A hound (D:4)
  An iguana (D:4)
  2 orc wizards (D:5)
  7 gnolls
  5 adders
  A white imp (D:5)
  An ufetubus (D:5)
  2 dart slugs
  24 orcs
  6 endoplasms
  3 giant cockroaches
  8 goblins
  3 hobgoblins
  4 quokkas
  6 ball pythons
  4 bats
  3 frilled lizards (D:1)
  5 kobolds
  5 rats
96 creatures vanquished.

Vanquished Creatures (others)
  315 foxfires
315 creatures vanquished.

Grand Total: 411 creatures vanquished

Notes
Turn   | Place    | Note
-------+----------+-------------------------------------------
     0 | D:1      | PhantomBowie the Draconian Fire Elementalist began the
                  | quest for the Orb.
     0 | D:1      | Reached XP level 1. HP: 14/14 MP: 3/3
   137 | D:1      | Found Aleg's Antique Armour Boutique.
   339 | D:1      | Reached XP level 2. HP: 19/20 MP: 5/5
  1029 | D:2      | Reached XP level 3. HP: 26/26 MP: 6/6
  1175 | D:2      | Found a faded altar of an unknown god.
  2042 | D:3      | Found a runed translucent door.
  2043 | D:3      | Noticed Crazy Yiuf
  2419 | D:4      | Reached XP level 4. HP: 27/33 MP: 8/8
  2938 | D:4      | Reached XP level 5. HP: 15/38 MP: 8/9
  3365 | D:4      | Reached skill level 4 in Fire Magic
  3725 | D:4      | Noticed a water moccasin
  3735 | D:4      | Killed a water moccasin
  3736 | D:4      | Reached XP level 6. HP: 32/45 MP: 11/11
  4026 | D:5      | Entered Level 5 of the Dungeon
  4076 | D:5      | Found a white marble altar of Elyvilon.
  4182 | D:5      | Found a burning altar of Makhleb.
  4183 | D:5      | Noticed a balrug
  4187 | D:5      | Noticed a smoke demon
  4187 | D:5      | Noticed a neqoxec
  4324 | D:5      | Found Worph's Weapon Boutique.
  4659 | D:5      | Your scales start taking on a pale cyan-grey colour.
  4659 | D:5      | Reached skill level 5 in Fire Magic
  4659 | D:5      | Reached XP level 7. HP: 50/50 MP: 12/12
  4659 | D:5      | Gained mutation: You are immune to the effects of steam.
                  | [Pale Draconian growth]
  4674 | D:5      | HP: 1/50 [orc warrior/bolt (8)]
  4675 | D:5      | Shot with a bolt by an orc warrior

Illustrated notes

Levels and vault maps discovered:
D:1:      roderic_crossed_star, layout_basic, serial_shops, nicolae_shop_crystal
D:2:      layout_loops_ring, basic_ecumenical_altar
D:3:      layout_loops_ring, uniq_crazy_yiuf_cottage
D:4:      layout_loops_corners, portal_sewer_entry_d
D:5:      kennysheep_big_flooded_room, layout_loops_ring,
          makhleb_altar_promises_db, nicolae_elyvilon_peaceful_grove,
          serial_shops, shop_fountains

Skill      XL: |  1  2  3  4  5  6  7 |
---------------+----------------------+-----
Dodging        | 2 3 |  3.7
Conjurations   | 2 3 |  3.7
Spellcasting   | 3 4 |  4.0
Fire Magic     | 4 5 |  5.2
Stealth        | |  1.7

Action                   |  1- 3 |  4- 6 |  7- 9 || total
-------------------------+-------+-------+-------++-------
Melee: Dagger            |    20 |    59 |     1 ||    80
       Tailslap          |     4 |     7 |       ||    11
       Unarmed           |     2 |       |       ||     2
       Punch             |       |     1 |       ||     1
 Cast: Foxfire           |    60 |   118 |     8 ||   186
Armor: Skin              |     7 |    41 |       ||    48
Dodge: Dodged            |    26 |    39 |       ||    65
